 Dungeon Crawl Stone Soup version 0.30.0 (webtiles) character file.

Game seed: 6495084025041044288

2956 Mysteryquy the Cleaver (level 9, -6/79 HPs)
             Began as a Minotaur Berserker on May 5, 2023.
             Was an Elder of Trog.
             Mangled by a centaur warrior (8 damage)
             ... on level 8 of the Dungeon on May 6, 2023.
             The game lasted 00:05:54 (6189 turns).

Mysteryquy the Cleaver (Minotaur Berserker)         Turns: 6189, Time: 00:05:55

Health: -6/79      AC: 10    Str: 26    XL:     9   Next: 52%
Magic:  8/8        EV: 10    Int:  4    God:    Trog [****..]
Gold:   182        SH:  0    Dex: 10    Spells: 8/8 levels left

rFire   . . .        L - +0 hand axe (vamp)
rCold   . . .        (no shield)
rNeg    . . .        B - +0 chain mail
rPois   .            (helmet restricted)
rElec   .            (no cloak)
rCorr   .            (no gloves)
SInv    .            (no boots)
Will    .....        (no amulet) Stlth
                     (no ring)
HPRegen 0.33/turn    (no ring)
MPRegen 0.11/turn

%: no passive effects
@: on berserk cooldown, slowed, very slow
A: horns 2, retaliatory headbutt
a: Renounce Religion, Berserk, Trog's Hand, Brothers in Arms


You were on level 8 of the Dungeon.
You worshipped Trog.
Trog was greatly pleased with you.
You visited 1 branch of the dungeon, and saw 8 of its levels.

You collected 328 gold pieces.
You spent 146 gold pieces at shops.

Inventory:

Hand Weapons
 a - a +0 hand axe
 u - a +0 war axe
 L - a +0 vampiric hand axe (weapon)
Missiles
 o - a throwing net (quivered)
Armour
 b - a +0 animal skin
 k - a +0 buckler
 B - a +0 chain mail (worn)
Jewellery
 m - a +6 ring of strength
 r - a ring of flight
 v - an amulet of the acrobat
 M - a ring of poison resistance
Wands
 D - a wand of flame (16)
 G - a wand of light (8)
Scrolls
 c - 3 scrolls of teleportation
 e - 3 scrolls of noise {unknown}
 f - 8 scrolls of identify {unknown}
 h - a scroll of vulnerability {unknown}
 j - a scroll of acquirement {unknown}
 n - a scroll of silence {unknown}
 p - 2 scrolls of fear {unknown}
 w - 2 scrolls of blinking {unknown}
 y - a scroll of magic mapping {unknown}
 A - a scroll of summoning {unknown}
 C - 2 scrolls of enchant weapon {unknown}
 E - a scroll of poison {unknown}
 F - a scroll of torment {unknown}
 J - 4 scrolls of enchant armour {unknown}
 K - a scroll of amnesia {unknown}
Potions
 d - 5 potions of curing
 g - 2 potions of lignification {unknown}
 i - a potion of cancellation {unknown}
 l - 2 potions of ambrosia {unknown}
 q - 5 potions of brilliance {unknown}
 s - 2 potions of might {unknown}
 t - 3 potions of degeneration {unknown}
 x - 2 potions of attraction {unknown}
 z - a potion of haste {unknown}
 H - a potion of berserk rage {unknown}
 I - a potion of flight {unknown}


   Skills:
 + Level 7.6 Fighting
 + Level 11.4 Axes
 + Level 7.0 Armour
 + Level 5.4 Dodging
 + Level 2.7 Stealth


You had 8 spell levels left.
You didn't know any spells.
Your spell library was empty.

Dungeon Overview and Level Annotations

Branches:
Dungeon (8/15)             Temple (0/1) D:6
   Lair: D:8-11

Altars:
Cheibriados
Dithmenos
Elyvilon
Qazlal
Sif Muna
Xom

Shops:
D:7 *(:?(


Innate Abilities, Weirdness & Mutations

You have a pair of horns on your head.
You reflexively headbutt those who attack you in melee.


Message History

The centaur warrior shoots an arrow.
The arrow hits you!
A centaur comes into view.
You feel your anger nearly subside.
You are no longer berserk.
You are exhausted.
You feel yourself slow down.
The centaur shouts!
The centaur warrior shoots an arrow.
The arrow hits you!
The centaur wields a +0 shortbow.
The centaur shoots an arrow.
The arrow hits you.
The centaur warrior shoots an arrow.
The arrow hits you!
The centaur warrior unwields a +0 shortbow.
The centaur warrior hits you but does no damage.
The centaur warrior barely misses you.
The centaur shoots an arrow.
The arrow hits you. The centaur warrior hits you!
The centaur warrior closely misses you.
The centaur shoots an arrow.
The arrow hits you!
* * * LOW HITPOINT WARNING * * *
You barely miss the centaur warrior. The centaur warrior hits you.
* * * LOW HITPOINT WARNING * * *
The centaur warrior misses you.
An orc warrior comes into view. It is wielding a +0 battleaxe.
You closely miss the centaur warrior.
The orc warrior shouts!
You hear a shout!
The centaur shoots an arrow.
The arrow misses you. The centaur warrior barely misses you.
The centaur warrior kicks you but does no damage.
The centaur shoots an arrow.
The arrow barely misses you.
The centaur warrior barely misses you. x2
You barely miss the centaur warrior. The centaur warrior barely misses you.
You furiously retaliate!
You headbutt the centaur warrior!
The centaur warrior kicks you but does no damage.
You hit the centaur warrior.
The centaur warrior is moderately wounded.
A killer bee comes into view.
The centaur shoots an arrow.
The arrow hits you!
* * * LOW HITPOINT WARNING * * *
The centaur warrior hits you!
* * * LOW HITPOINT WARNING * * *
The centaur warrior kicks you but does no damage.
The centaur warrior hits you!
You die...

###.# #.# #y##...#
#.# #o#.#..# #.#
#.#....# #.#
#c#.#..####.#
#.#..)).....# #
#.##..#######
##..###.###.......#
#....c@.....#####.#
.............#
........#........
#########.#..####
######


You could see a centaur warrior, an orc warrior, a centaur and a killer bee
(wandering).

Vanquished Creatures
  Joseph (D:7)
  Sigmund (D:4)
  A steam dragon (D:8)
  A water moccasin (D:7)
  Duvessa (D:6)
  A black bear (D:7)
  3 sky beasts
  2 centaurs (D:6)
  2 phantoms (D:5)
  A kobold brigand (D:8)
  A scorpion (D:4)
  5 wights (D:7)
  Dowan (D:6)
  6 killer bees (D:6)
  A howler monkey (D:6)
  An electric eel (D:7)
  2 jellies
  An orc priest (D:5)
  2 hounds
  A sleepcap (D:4)
  5 iguanas
  7 orc wizards
  3 gnolls (D:5)
  7 adders
  A shadow imp (D:4)
  An ufetubus (D:5)
  A worm (D:2)
  4 dart slugs
  10 orcs
  8 endoplasms
  A giant cockroach (D:2)
  12 goblins
  9 hobgoblins
  13 kobolds
  4 quokkas
  9 ball pythons
  5 bats
  2 frilled lizards (D:2)
  5 rats
142 creatures vanquished.

Notes
Turn   | Place    | Note
-------+----------+-------------------------------------------
     0 | D:1      | Mysteryquy the Minotaur Berserker began the quest for the
                  | Orb.
     0 | D:1      | Reached XP level 1. HP: 19/19 MP: 0/0
   169 | D:1      | Reached skill level 4 in Axes
   199 | D:1      | Reached XP level 2. HP: 25/27 MP: 1/1
   741 | D:2      | Reached ** piety under Trog
   752 | D:2      | Reached XP level 3. HP: 28/33 MP: 2/2
   925 | D:2      | Reached XP level 4. HP: 33/41 MP: 3/3
  1169 | D:2      | Reached skill level 5 in Axes
  1196 | D:2      | Found a faded altar of an unknown god.
  1483 | D:3      | Found a shadowy altar of Dithmenos.
  1505 | D:3      | Found a stormy altar of Qazlal.
  1507 | D:3      | Found a shimmering altar of Xom.
  1509 | D:3      | Found a snail-covered altar of Cheibriados.
  1510 | D:3      | Found a white marble altar of Elyvilon.
  1792 | D:4      | Reached XP level 5. HP: 37/47 MP: 4/4
  2006 | D:4      | Noticed Sigmund
  2009 | D:4      | Reached skill level 5 in Fighting
  2009 | D:4      | Reached skill level 6 in Axes
  2013 | D:4      | Killed Sigmund
  2014 | D:4      | Reached skill level 1 in Stealth
  2014 | D:4      | Reached XP level 6. HP: 56/56 MP: 5/5
  2108 | D:4      | Reached *** piety under Trog
  2109 | D:4      | Reached skill level 7 in Axes
  2824 | D:5      | Entered Level 5 of the Dungeon
  2984 | D:5      | Reached XP level 7. HP: 45/61 MP: 6/6
  3259 | D:5      | Reached skill level 8 in Axes
  4127 | D:6      | Reached XP level 8. HP: 36/70 MP: 7/7
  4128 | D:6      | Reached skill level 9 in Axes
  4139 | D:6      | HP: 3/71 [killer bee (4)]
  4315 | D:6      | Reached skill level 5 in Dodging
  4391 | D:6      | Noticed Duvessa
  4391 | D:6      | Noticed Dowan
  4402 | D:6      | Killed Duvessa
  4408 | D:6      | Killed Dowan
  4595 | D:6      | Reached skill level 10 in Axes
  4749 | D:6      | Found a shimmering blue altar of Sif Muna.
  4885 | D:6      | Found a staircase to the Ecumenical Temple.
  5114 | D:7      | Reached skill level 5 in Armour
  5160 | D:7      | Reached XP level 9. HP: 78/78 MP: 8/8
  5483 | D:7      | Noticed Joseph
  5485 | D:7      | Reached **** piety under Trog
  5497 | D:7      | Killed Joseph
  5718 | D:7      | Found Qufforisk's Lightly-Used Armoury.
  5741 | D:7      | Reached skill level 11 in Axes
  5786 | D:7      | Found Baibics's Antique Weapon Shop.
  5817 | D:7      | Found Cyn Zubu's Book Shoppe.
  5818 | D:7      | Found Peiwn's Magic Scroll Emporium.
  5847 | D:7      | Found Boapau's Weapon Shoppe.
  5853 | D:7      | Bought a scroll of teleportation for 36 gold pieces
  5855 | D:7      | Bought a +0 vampiric hand axe for 110 gold pieces
  6180 | D:8      | Noticed a centaur warrior
  6189 | D:8      | HP: 2/79 [centaur warrior (7)]
  6189 | D:8      | Mangled by a centaur warrior

Illustrated notes

Levels and vault maps discovered:
D:1:      amcnicky_arrival_choice, layout_basic, minmay_misc_feat_diagonals
D:2:      layout_rooms, hellmonk_ecumenical_altar_heavens_door,
          kennysheep_generic_room_4
D:3:      layout_rooms, grunt_temple_overflow_open, item_on_display_a
D:4:      kennysheep_big_flooded_room, layout_basic, uniq_sigmund
D:5:      layout_loops_ring, minmay_misc_feat_ornament,
          minmay_a_box_with_orc_wizards_in_it
D:6:      layout_loops_ring, nicolae_sif_muna_little_library, temple_fountains,
          uniq_duvessa
D:7:      layout_basic, serial_shops, nicolae_shop_window_shopping,
          minmay_shop_damaged, nicolae_wooded_promenade, uniq_joseph
D:8:      layout_basic, special_room [special_room_orc],
          minmay_manual_monstrance

Skill      XL: |  1  2  3  4  5  6  7  8  9 |
---------------+----------------------------+-----
Axes           | 4 5 6 7 8 10 11 | 11.4
Fighting       | 4 5 6 7 |  7.6
Dodging        | 3 4 5 |  5.4
Stealth        | 1 2 |  2.7
Armour         | 5 7 |  7.0

Action                     |  1- 3 |  4- 6 |  7- 9 || total
---------------------------+-------+-------+-------++-------
  Melee: Hand axe          |    73 |    38 |    29 ||   140
         Headbutt          |    10 |    13 |    33 ||    56
         War axe           |       |    70 |   154 ||   224
         Punch             |       |       |     1 ||     1
 Invoke: Berserk           |       |     1 |     4 ||     5
         Trog's Hand       |       |       |     2 ||     2
    Use: Potion            |       |       |     1 ||     1
   Stab: Sleeping          |       |       |     1 ||     1
 Armour: Animal skin       |    14 |    10 |     5 ||    29
         Chain mail        |       |       |    70 ||    70
  Dodge: Dodged            |    46 |    54 |    93 ||   193
